 Dungeon Crawl Stone Soup version 0.24-a0-201-gf205589 (webtiles) character file.

Game seed: 17164638739192232174

438898 emperorscorpion the Imperceptible (level 23, 0/135 HPs)
             Began as a Vine Stalker Berserker on Mar 17, 2019.
             Was a High Priest of Trog.
             Slain by a death cob (5 damage)
             ... on level 2 of the Realm of Zot on Mar 19, 2019.
             The game lasted 02:47:42 (38724 turns).

emperorscorpion the Imperceptible (VSBe)           Turns: 38724, Time: 02:47:43

Health: 0/135      AC: 40    Str: 23    XL:     23   Next: 72%
Magic:  0/34       EV: 16    Int:  7    God:    Trog [*****.]
Gold:   276        SH: 18    Dex: 15    Spells: 22/22 levels left

rFire    + + +     SeeInvis +   a - +6 dagger of the Throat {vamp, rPois rC+ Dex-4}
rCold    + . .     Gourm    .   A - +5 shield
rNeg     . . .     Faith    .   y - +10 plate armour {ponderous}
rPois    +         Spirit   +   n - +1 helmet {SInv}
rElec    +         Reflect  .   d - +2 cloak {+Inv}
rCorr    .         Harm     .   k - +2 pair of gloves of a treasure trove {rElec rF+++ Stlth-}
MR       ++++.                  i - +2 pair of boots
Stlth    +.........             D - amulet of the acrobat
HPRegen  2.12/turn              z - ring of see invisible
MPRegen  0.24/turn              f - +6 ring of evasion

@: about to teleport, regenerating, hasted and slowed, heavily drained, slow
A: fangs 3, thin metallic scales 1, fire resistance 1, regeneration 2, weak 1,
magic shield, antimagic bite, no potion heal 3, rot immunity
}: 3/15 runes: decaying, silver, gossamer
a: Berserk, Trog's Hand, Brothers in Arms, Renounce Religion, Evoke Invisibility


You were on level 2 of the Realm of Zot.
You worshipped Trog.
Trog was extremely pleased with you.
You were not hungry.

You visited 8 branches of the dungeon, and saw 43 of its levels.
You also visited: Ossuary and Ice Cave.

You collected 4839 gold pieces.
You spent 4563 gold pieces at shops.

Inventory:

Hand Weapons
 a - the +6 dagger of the Throat (weapon) {vamp, rPois rC+ Dex-4}
   (You bought it in a shop on level 2 of the Orcish Mines)

   It inflicts no extra harm, but heals its wielder when it wounds a living foe.
   It affects your dexterity (-4).
   It protects you from cold.
   It protects you from poison.
 j - the +4 quick blade of the Desolation of Salt {pain, rC+ Str+4}
   (You acquired it on level 5 of the Vaults)

   In the hands of one skilled in necromantic magic, it inflicts extra damage on
   living creatures.
   It affects your strength (+4).
   It protects you from cold.
Missiles
 h - 5 throwing nets
 x - 25 tomahawks (quivered)
 G - 4 steel javelins
Armour
 d - a +2 cloak of invisibility (worn)
 i - a +2 pair of boots (worn)
 k - the +2 pair of gloves of a treasure trove (worn) {rElec rF+++ Stlth-}
   (You found it on level 2 of the Swamp)

   It renders you almost immune to fire.
   It insulates you from electricity.
   It makes you less stealthy.
 l - +0 gold dragon scales
 n - a +1 helmet of see invisible (worn)
 y - a +10 plate armour of ponderousness (worn)
 A - a +5 shield (worn)
Jewellery
 b - an uncursed ring of resist corrosion
 f - a +6 ring of evasion (right hand)
 z - a ring of see invisible (left hand)
 D - an amulet of the acrobat (around neck)
Wands
 g - a wand of clouds (3)
 w - a wand of acid (7)
 F - a wand of paralysis (21)
 K - a wand of enslavement (8)
 L - a wand of scattershot (2)
 P - a wand of random effects (1)
 S - a wand of digging (6)
 V - a wand of disintegration (41)
 Y - a wand of iceblast (11)
Scrolls
 p - 17 scrolls of remove curse
 B - a scroll of blinking
 C - 4 scrolls of immolation
 H - 3 scrolls of fog
 J - 4 scrolls of fear
 M - 5 scrolls of magic mapping
 N - 10 scrolls of teleportation
 Q - 4 scrolls of identify
 U - a scroll of silence
Potions
 m - 6 potions of haste
 o - a potion of magic
 q - 16 potions of curing
 r - 4 potions of invisibility
 t - 3 potions of might
 u - 10 potions of resistance
 E - 9 potions of lignification
 O - 6 potions of flight
 R - a potion of agility
Miscellaneous
 e - a lamp of fire
 T - a lightning rod (1/4)
 W - a phantom mirror
 Z - a phial of floods
Comestibles
 c - 68 rations


   Skills:
 * Level 19.1(15.2) Fighting
 - Level 10.0(6.8) Short Blades
 + Level 1.7(0.0) Throwing
 + Level 15.8(12.2) Armour
 + Level 9.3(6.1) Dodging
 + Level 21.6(17.5) Stealth
 - Level 15.0(11.4) Shields
 + Level 14.0(10.5) Evocations


You had 22 spell levels left.
You didn't know any spells.
Your spell library contained the following spells:

 Spells                   Type           Power        Failure   Level  Hunger
 Beastly Appendage        Tmut           #.....       100%        1    ##.....
 Confusing Touch          Hex            #.....       100%        1    ##.....
 Corona                   Hex            #......      100%        1    ##.....
 Infusion                 Chrm           #...         100%        1    ##.....
 Magic Dart               Conj           #...         100%        1    ##.....
 Shock                    Conj/Air       #...         100%        1    ##.....
 Sting                    Conj/Pois      #...         100%        1    ##.....
 Summon Butterflies       Summ           #.......     100%        1    ##.....
 Blink                    Tloc           N/A          100%        2    ###....
 Call Imp                 Summ           #.......     100%        2    ###....
 Poisonous Vapours        Pois/Air       #.....       100%        2    ###....
 Searing Ray              Conj           #.....       100%        2    ###....
 Shroud of Golubria       Chrm/Tloc      #.........   100%        2    ###....
 Slow                     Hex            #.......     100%        2    ###....
 Song of Slaying          Chrm           #.......     100%        2    ###....
 Sticks to Snakes         Tmut           #.......     100%        2    ###....
 Sublimation of Blood     Necr           #.........   100%        2    ###....
 Swiftness                Chrm/Air       #.......     100%        2    ###....
 Call Canine Familiar     Summ           #.......     100%        3    ####...
 Confuse                  Hex            #.......     100%        3    ####...
 Conjure Flame            Conj/Fire      #.......     100%        3    ####...
 Dazzling Spray           Conj/Hex       #.....       100%        3    ####...
 Gell's Gravitas          Tloc           #.........   100%        3    ####...
 Ignite Poison            Fire/Tmut/Pois #.......     100%        3    ####...
 Inner Flame              Hex/Fire       #.......     100%        3    ####...
 Lesser Beckoning         Tloc           #.........   100%        3    ####...
 Mephitic Cloud           Conj/Pois/Air  #.......     100%        3    ####...
 Portal Projectile        Hex/Tloc       #.....       100%        3    ####...
 Recall                   Summ/Tloc      N/A          100%        3    ####...
 Regeneration             Chrm/Necr      #.........   100%        3    ####...
 Spectral Weapon          Hex/Chrm       #.......     100%        3    ####...
 Spider Form              Tmut/Pois      #.........   100%        3    ####...
 Static Discharge         Conj/Air       #.......     100%        3    ####...
 Teleport Other           Tloc           #.......     100%        3    ####...
 Airstrike                Air            #.........   100%        4    #####..
 Cause Fear               Hex            #.........   100%        4    #####..
 Force Lance              Conj/Tloc      #.......     100%        4    #####..
 Fulminant Prism          Conj/Hex       #.........   100%        4    #####..
 Ice Form                 Ice/Tmut       #.......     100%        4    #####..
 Iskenderun's Mystic Bla  Conj           #.......     100%        4    #####..
 Leda's Liquefaction      Hex/Erth       #.........   100%        4    #####..
 Olgreb's Toxic Radiance  Pois           #.......     100%        4    #####..
 Passage of Golubria      Tloc           N/A          100%        4    #####..
 Petrify                  Tmut/Erth      #.......     100%        4    #####..
 Summon Ice Beast         Ice/Summ       #.......     100%        4    #####..
 Summon Lightning Spire   Summ/Air       #.......     100%        4    #####..
 Alistair's Intoxication  Tmut/Pois      #.......     100%        5    ######.
 Aura of Abjuration       Summ           #.........   100%        5    ######.
 Blade Hands              Tmut           #.........   100%        5    ######.
 Irradiate                Conj/Tmut      #.........   100%        5    ######.
 Lightning Bolt           Conj/Air       #.........   100%        5    ######.
 Metabolic Englaciation   Hex/Ice        #.........   100%        5    ######.
 Silence                  Hex/Air        #.........   100%        5    ######.
 Summon Demon             Summ           #.........   100%        5    ######.
 Summon Forest            Summ/Tloc      #.........   100%        5    ######.
 Summon Mana Viper        Hex/Summ       #.......     100%        5    ######.
 Venom Bolt               Conj/Pois      #.........   100%        5    ######.
 Yara's Violent Unravell  Hex/Tmut       #.........   100%        5    ######.
 Bolt of Cold             Conj/Ice       #.........   100%        6    #######
 Conjure Ball Lightning   Conj/Air       #.........   100%        6    #######
 Deflect Missiles         Chrm/Air       #.........   100%        6    #######
 Freezing Cloud           Conj/Ice/Air   #.........   100%        6    #######
 Ozocubu's Refrigeration  Ice            #.........   100%        6    #######
 Shadow Creatures         Summ           N/A          100%        6    #######
 Simulacrum               Ice/Necr       #.........   100%        6    #######
 Ring of Flames           Chrm/Fire      #.........   100%        7    #######
 Summon Hydra             Summ           #.........   100%        7    #######
 Tornado                  Air            #.........   100%        9    #######


Dungeon Overview and Level Annotations

Branches:
Dungeon (15/15)            Temple (0/1) D:5            Lair (6/6) D:11
  Swamp (4/4) Lair:4       Spider (4/4) Lair:3        Slime (0/5) Lair:5
    Orc (2/2) D:10            Elf (0/3) Orc:2        Vaults (5/5) D:14
 Depths (5/5) D:15            Zot (2/5) Depths:5
  Crypt: Vaults:2-3

Altars:
Ashenzari
Fedhas
Makhleb
Ru
Trog
Uskayaw
Vehumet
Wu Jian
Xom
The Shining One
Beogh

Shops:
D:11 !   D:12 *   D:15 =   Orc:2 (([*[   Vaults:3 *   Vaults:5 !?!!!!%?
Depths:2 }=}

Portals:
Hell: Depths:4
Abyss: Depths:3 Depths:4
Ziggurat: Depths:2

Annotations:
D:6 exclusions: 2 electric eels and 1 more exclusion
D:10 2 exclusions
D:11 2 transporters, Anon1729's ghost, journeyman HaHu
Swamp:3 exclusion: oklob plant
Zot:1 3 runed translucent doors, Ipsuc's ghost, master SpCK; Roron's ghost, legendary TrGl; Vanaq's ghost, master VSFi


Innate Abilities, Weirdness & Mutations

You have razor-sharp teeth.
You heal very quickly.
When hurt, damage is shared between your health and your magic reserves.
Your bite disrupts and absorbs the magic of your enemies.
Potions cannot restore your health.
You are immune to rotting.
You are partially covered in thin metallic scales. (AC +2)
Your flesh is heat resistant. (rF+)
You are weak. (Str -2)


Message History

A green draconian comes into view.
It is wielding a +0 halberd of freezing.
You block the death cob's attack.
The purple draconian moves out of view.
The green draconian roars!
You hear a roar!
You block the death cob's attack.
The red draconian breathes flames at you.
The searing blast misses you.
You hear a roar!
Unknown command.
Your skin crawls.
You feel resistant to hostile enchantments.
You feel somewhat more hungry.
You are engulfed in blazing flames.
You resist.
* * * LOW HITPOINT WARNING * * *
The death cob hits you but does no damage.
The death cob hits you!
* * * LOW HITPOINT WARNING * * *
The white draconian hits you with a +0 hand axe.
* * * LOW HITPOINT WARNING * * *
A green draconian comes into view. It is wielding a +0 mace.
The death cob hits you!
You die...

* *,,,,,,,,* **********#<...##* *
*,,,,,..,* #..††.#* * **,,,,#d.*
##.[.#..# * *,,,.#..#*
###...###.. *
*,,,#....#########......##..
******,,,....d.....q.............
,,,,,,,,,......dd................
,,,,,,,,,d...d.d.d......###......
,,,,,,,,,,,,,,#q@zd.X#### #......
,,,,,,,,,,,,,*######## #......
,,,,,<,,,,,,,* #......
,,,,,,,*,,,,,* *** *,,,,,,
,,,,,,,,,,,,,******,***** *,,,,,,
,,,,,,,,,,,,,,,,,,,,,,,,***,,,,,*
,,,,,***,,,,,,,,,,,,,,,,,,,,,,,**
,,,,** ***,,,**********,,,,,,,**
,,,,* ***** *****,,**


You could see a tentacled monstrosity, a black draconian, 2 draconians, 2
draconians, 2 draconians, 2 draconians, a death cob and 2 draconians.

Vanquished Creatures
  A juggernaut (Depths:2)
  Boris (thrice) (Vaults:2 Vaults:3 Depths:3)
  the Lernaean hydra (Swamp:4)
  Saint Roka (Depths:1)
  6 golden dragons
  5 caustic shrikes (Depths:2)
  5 tentacled monstrosities
  A lich (Depths:4)
  The ghost of Vaxoipno the Warrior, an adept KoBe of Trog (Swamp:2)
  Asterion (Spider:3)
  2 ancient champions (Vaults:1)
  13 tengu reavers
  5 thorn hunters
  5 sphinxes
  Kirke (D:13)
  5 shadow dragons
  Agnes (D:14)
  Donald (Orc:2)
  7 storm dragons
  An iron dragon (Vaults:5)
  3 fire giants
  2 frost giants
  A fire giant (shapeshifter) (Vaults:5)
  2 deep elf sorcerers
  Louise (Spider:3)
  14 vault wardens
  The ghost of Lanoc the Fencer, an adept VSBe of Trog (Swamp:4)
  4 ghost moths
  A ghoul (Vaults:1)
  12 ironheart preservers
  A draconian shifter (Depths:5)
  A draconian annihilator (Depths:5)
  4 emperor scorpions
  A spriggan defender (Vaults:1)
  A war gargoyle (Vaults:5)
  2 deep elf elementalists
  7 very ugly things
  11 stone giants
  3 entropy weavers
  2 vampire knights
  Nessos (Orc:2)
  A yellow draconian (Depths:5)
  3 deep elf demonologists
  7 spark wasps
  2 deep elf annihilators
  A purple draconian (Depths:5)
  2 red draconians (Depths:5)
  9 ettins
  4 deep elf death magi
  Harold (D:11)
  10 ogre magi
  35 vault guards
  4 great orbs of eyes
  13 yaktaur captains
  2 fire dragons
  Fannar (D:11)
  7 ice dragons
  2 rakshasas
  A ghost crab (Swamp:2)
  10 hydras
  Erolcha (D:10)
  2 shambling mangroves (Swamp:3)
  A spriggan air mage (Depths:2)
  Erica (Orc:1)
  A satyr (shapeshifter) (D:15)
  18 alligators
  39 two-headed ogres
  6 tengu warriors
  3 centaur warriors
  A dancing weapon (Vaults:5)
  4 death knights
  The ghost of Nib the Fighter, a novice DsCK of Xom (D:8)
  A deep troll shaman (Depths:4)
  5 death yaks
  4 deep troll earth magi
  Nergalle (D:11)
  Sonja (D:10)
  Urug (D:10)
  9 spriggans
  3 orc high priests (Orc:2)
  5 deep elf knights
  A hell knight (Depths:2)
  A spriggan berserker (Depths:2)
  The ghost of Orphidia the Geomancer, a novice OpEE of Vehumet (D:7)
  A skeletal warrior (Vaults:1)
  A sea snake (shapeshifter) (Vaults:5)
  2 unseen horrors
  An unseen horror (shapeshifter) (Vaults:1)
  10 wizards
  3 flayed ghosts
  13 deep trolls
  A spriggan druid (Swamp:4)
  2 deep elf archers (Vaults:5)
  A glowing orange brain (shapeshifter) (Vaults:1)
  A phantasmal warrior (Vaults:1)
  4 glowing orange brains
  An orange crystal statue (Depths:1)
  8 orc knights
  16 swamp dragons
  8 ironbrand convokers
  Pikel (D:7)
  2 lindwurms (Lair:6)
  A lindwurm (shapeshifter) (Vaults:1)
  4 necromancers
  10 orb spiders
  A mana viper (shapeshifter) (D:15)
  A frost giant zombie (Vaults:4)
  An oklob plant (Swamp:3)
  28 ugly things
  4 orc sorcerers (Orc:2)
  21 wolf spiders
  A manticore (D:13)
  3 cyclopes
  A tengu skeleton (Vaults:5)
  A moth of wrath (Zot:2)
  16 elephants
  18 deep elf magi
  8 black mambas
  Maurice (D:10)
  11 vault sentinels
  Joseph (D:8)
  5 torpor snails
  2 ice statues (IceCv)
  A spiny frog (shapeshifter) (D:15)
  14 spiny frogs
  29 yaktaurs
  10 demonic crawlers
  8 komodo dragons
  A rime drake (Lair:4)
  A yaktaur (shapeshifter) (Vaults:5)
  8 freezing wraiths
  2 meliai (shapeshifter)
  2 tengu conjurers
  5 trolls
  A yaktaur skeleton (Vaults:5)
  19 jumping spiders
  A hornet (shapeshifter) (Depths:3)
  3 meliai (Spider:3)
  13 polar bears (IceCv)
  32 hornets
  8 tyrant leeches
  5 hippogriffs
  A blink frog (shapeshifter) (Vaults:5)
  27 slime creatures
  A frost giant simulacrum (Vaults:2)
  8 blink frogs
  4 bog bodies
  A harpy skeleton (D:13)
  49 redbacks
  Sigmund (D:5)
  18 tarantellas
  2 wyverns
  A redback (shapeshifter) (Vaults:5)
  An elf zombie (Vaults:5)
  A hog (shapeshifter) (D:15)
  52 yaks
  5 wraiths
  3 hogs (D:9)
  A hungry ghost (D:15)
  A human (D:9)
  9 vampire mosquitoes
  2 steam dragons
  A basilisk (shapeshifter) (Vaults:4)
  An acid dragon (D:15)
  A deep troll zombie (Vaults:1)
  4 wargs (Depths:1)
  Edmund (D:5)
  11 insubstantial wisps
  12 swamp worms
  8 water moccasins
  A floating eye (Depths:4)
  A soldier ant (shapeshifter) (D:15)
  A floating eye (shapeshifter) (Depths:1)
  12 swamp drakes
  14 porcupines
  Duvessa (D:7)
  14 ice beasts
  29 orc warriors
  3 slaves (D:7)
  2 black bears
  9 sky beasts
  A necrophage (D:8)
  13 centaurs
  15 wolves
  A tengu (shapeshifter) (Depths:2)
  24 ogres
  5 boggarts (Depths:4)
  12 crocodiles
  11 bullfrogs
  11 scorpions
  Dowan (D:7)
  2 elf simulacra
  3 howler monkeys
  2 human simulacra
  An orc simulacrum (Vaults:1)
  10 killer bees
  17 wights
  2 electric eels
  10 crimson imps
  5 centaur zombies
  4 jellies
  A yaktaur simulacrum (Vaults:1)
  2 bullfrog zombies
  4 human zombies
  27 orc priests
  A gnoll shaman (D:6)
  4 hounds
  15 orc wizards
  3 centaur skeletons
  Crazy Yiuf (D:2)
  Natasha (thrice) (D:4)
  5 bullfrog skeletons
  5 iguanas
  5 worker ants
  2 big kobold zombies (Ossuary)
  A hound skeleton (D:6)
  3 mummies (Ossuary)
  A worker ant zombie (D:9)
  7 gnolls
  2 scorpion zombies (Ossuary)
  17 adders
  2 shadow imps
  An ooze (D:5)
  2 adder zombies
  4 adder skeletons
  4 worms
  5 leopard geckos
  101 orcs
  A ball python (D:2)
  9 giant cockroaches
  2 gnoll zombies (Ossuary)
  5 hobgoblins
  19 jackals
  7 quokkas
  7 bats
  5 frilled lizards
  7 goblins
  8 kobolds
  A kobold zombie (Ossuary)
  4 orc zombies (Ossuary)
  2 quokka zombies
  4 rats
  A crawling corpse (Vaults:3)
1519 creatures vanquished.

Vanquished Creatures (collateral kills)
  2 golden dragons
  2 tengu reavers
  A shadow dragon (Zot:2)
  A frost giant (Vaults:5)
  A deep elf sorcerer (Vaults:5)
  A stone giant (Vaults:2)
  2 ironheart preservers
  A deep elf annihilator (Vaults:4)
  A spark wasp (Spider:4)
  A fire dragon (Depths:4)
  An ettin (Vaults:5)
  Josephine (D:15)
  A great orb of eyes (Vaults:4)
  A hydra (Lair:5)
  A yaktaur captain (Vaults:5)
  A rakshasa (Vaults:2)
  A ghost crab (Swamp:3)
  A tengu warrior (D:15)
  A spriggan berserker (Depths:4)
  A flayed ghost (Vaults:4)
  A spriggan druid (Swamp:3)
  A phantasmal warrior (Vaults:4)
  3 ugly things (D:14)
  A deep elf mage (Vaults:5)
  2 orc knights
  A wolf spider (Spider:4)
  A cyclops (shapeshifter) (Vaults:5)
  3 cyclopes
  A guardian serpent (shapeshifter) (Vaults:5)
  A vault sentinel (Vaults:4)
  An eye of devastation (Lair:5)
  A torpor snail (Lair:6)
  A yaktaur zombie (Vaults:5)
  A tengu conjurer (Depths:4)
  A troll (D:11)
  2 slime creatures (Depths:3)
  2 wraiths (D:15)
  2 basilisks
  A warg (D:15)
  3 orc warriors (D:15)
  An eye of draining (Lair:5)
  An ogre (Vaults:4)
  A bullfrog (D:15)
  An orc priest (Orc:2)
57 creatures vanquished.

Vanquished Creatures (others)
  Mara (Swamp:3)
  An entropy weaver (Vaults:4)
  An ogre mage (Vaults:2)
  A glowing orange brain (Depths:1)
  A deep elf mage (Vaults:4)
  2 yaktaurs
  A rime drake (shapeshifter) (Vaults:4)
  A hornet (Lair:6)
  A bog body (Swamp:2)
  2 orc warriors
  An ogre (Vaults:5)
  An orc wizard (Orc:2)
  An orc priest (Vaults:1)
  A scorpion zombie (Ossuary)
  An adder skeleton (D:7)
  6 orcs
  A crawling corpse (Vaults:4)
  10 fungi
  14 plants
  A withered plant (Zot:1)
49 creatures vanquished.

Grand Total: 1625 creatures vanquished

Notes
Turn   | Place    | Note
-------+----------+-------------------------------------------
     0 | D:1      | emperorscorpion the Vine Stalker Berserker began the quest
                  | for the Orb.
     0 | D:1      | Reached XP level 1. HP: 11/11 MP: 2/2
   444 | D:1      | Reached XP level 2. HP: 10/16 MP: 3/3
  1150 | D:2      | Reached XP level 3. HP: 20/20 MP: 4/4
  1164 | D:2      | Reached ** piety under Trog
  1278 | D:2      | Gained mutation: Your natural rate of healing is unusually
                  | fast. [Vine Stalker growth]
  1278 | D:2      | Reached XP level 4. HP: 24/24 MP: 5/5
  1535 | D:2      | Found a runed translucent door.
  1536 | D:2      | Noticed Crazy Yiuf
  1744 | D:2      | Found a bloodstained altar of Trog.
  1868 | D:2      | Killed Crazy Yiuf
  1868 | D:2      | Reached XP level 5. HP: 28/28 MP: 6/6
  2786 | D:4      | Noticed Natasha
  2789 | D:4      | Reached *** piety under Trog
  2796 | D:4      | Killed Natasha
  2797 | D:4      | Noticed Natasha
  2806 | D:4      | Killed Natasha
  2806 | D:4      | Reached skill level 1 in Evocations
  2806 | D:4      | Reached XP level 6. HP: 32/32 MP: 7/7
  3138 | D:4      | Noticed Natasha
  3143 | D:4      | Killed Natasha
  3150 | D:4      | Found a sand-covered staircase.
  3212 | Ossuary  | Entered an ossuary
  3357 | Ossuary  | Reached XP level 7. HP: 30/37 MP: 7/9
  3621 | Ossuary  | Reached **** piety under Trog
  3727 | Ossuary  | Reached skill level 5 in Short Blades
  3808 | Ossuary  | Gained mutation: You have razor-sharp teeth. [Vine Stalker
                  | growth]
  3808 | Ossuary  | Reached XP level 8. HP: 40/42 MP: 9/11
  4065 | D:5      | Entered Level 5 of the Dungeon
  4080 | D:5      | Found a radiant altar of Vehumet.
  4103 | D:5      | Found a burning altar of Makhleb.
  4104 | D:5      | Found a sacrificial altar of Ru.
  4497 | D:5      | Found a staircase to the Ecumenical Temple.
  4774 | D:5      | Noticed Sigmund
  4787 | D:5      | Killed Sigmund
  5090 | D:6      | Noticed a +0 hand axe
  5091 | D:6      | Found a hide-covered altar of Uskayaw.
  5091 | D:6      | Noticed a +0 dagger
  5235 | D:6      | Reached XP level 9. HP: 46/46 MP: 10/12
  5258 | D:6      | Found a blossoming altar of Fedhas.
  5426 | D:6      | Noticed Edmund
  5439 | D:5      | Reached ***** piety under Trog
  5447 | D:5      | Killed Edmund
  5574 | D:6      | Found a glowing golden altar of the Shining One.
  5612 | D:6      | You fall through a shaft for 3 floors!
  5629 | D:9      | Reached skill level 5 in Fighting
  5629 | D:9      | Reached skill level 5 in Armour
  6153 | D:7      | Noticed Duvessa
  6153 | D:7      | Noticed Dowan
  6167 | D:7      | Killed Dowan
  6169 | D:7      | Killed Duvessa
  6183 | D:7      | Reached skill level 5 in Evocations
  6379 | D:7      | Noticed Pikel
  6385 | D:7      | Killed Pikel
  6385 | D:7      | Reached XP level 10. HP: 51/51 MP: 14/14
  6610 | D:7      | Found a large runed translucent door.
  6614 | D:7      | Found a large runed translucent door.
  6617 | D:7      | Noticed Orphidia's ghost (novice OpEE)
  6625 | D:7      | Killed Orphidia's ghost
  6625 | D:7      | Reached skill level 5 in Dodging
  7056 | D:8      | Found a runed translucent gate.
  7072 | D:8      | Found a runed translucent gate.
  7073 | D:8      | Found a runed translucent gate.
  7074 | D:8      | Found a roughly hewn altar of Beogh.
  7074 | D:8      | Noticed Nib's ghost (novice DsCK)
  7075 | D:8      | Identified the cursed +1 trident of the Moon {freeze, MR+}
  7075 | D:8      | Identified the cursed +1 plate armour of the Arcane {rC+}
  7138 | D:8      | Gained mutation: You heal very quickly. [potion of
                  | mutation]
  7138 | D:8      | Gained mutation: You are partially covered in thin metallic
                  | scales. (AC +2) [potion of mutation]
  7138 | D:8      | Gained mutation: Your flesh is heat resistant. (rF+)
                  | [potion of mutation]
  7451 | D:8      | Noticed Joseph
  7468 | D:8      | Killed Joseph
  7473 | D:8      | Found an ornate altar of the Wu Jian Council.
  7729 | D:8      | Found a radiant altar of Vehumet.
  7993 | D:8      | Killed Nib's ghost
  7993 | D:8      | Reached XP level 11. HP: 56/56 MP: 16/16
  8006 | D:8      | Received a gift from Trog
  8165 | D:9      | Reached ****** piety under Trog
  8761 | D:10     | Entered Level 10 of the Dungeon
  8873 | D:10     | Found a staircase to the Orcish Mines.
  8906 | D:10     | Noticed Maurice
  8922 | D:10     | Killed Maurice
  8937 | D:10     | Noticed Urug
  8951 | D:10     | Killed Urug
  9027 | D:10     | Reached skill level 1 in Stealth
  9128 | D:10     | Noticed Sonja
  9133 | D:10     | Killed Sonja
  9133 | D:10     | Reached skill level 2 in Stealth
  9661 | D:10     | Identified the +5 falchion of the Pit {slice, +Fly} (You
                  | found it on level 10 of the Dungeon)
  9703 | D:10     | Noticed Erolcha
  9705 | D:10     | Killed Erolcha
  9705 | D:10     | Reached skill level 10 in Short Blades
  9705 | D:10     | Reached skill level 3 in Stealth
 10045 | Orc:1    | Entered Level 1 of the Orcish Mines
 10051 | Orc:1    | Noticed a stone giant
 10075 | Orc:1    | Killed a stone giant
 10075 | Orc:1    | Reached skill level 4 in Stealth
 10075 | Orc:1    | Mutation became permanent: Your natural rate of healing is
                  | unusually fast. [Vine Stalker growth]
 10075 | Orc:1    | Gained mutation: You heal very quickly. [Vine Stalker
                  | growth]
 10075 | Orc:1    | Reached XP level 12. HP: 43/63 MP: 18/18
 10415 | Orc:1    | Noticed Erica
 10424 | Orc:1    | Killed Erica
 10538 | Orc:2    | Entered Level 2 of the Orcish Mines
 10538 | Orc:2    | Found a staircase to the Elven Halls.
 10553 | Orc:2    | Reached skill level 5 in Stealth
 10587 | Orc:2    | Found Nineph's Antique Weapon Shop.
 10596 | Orc:2    | Bought a runed rapier for 224 gold pieces
 10654 | Orc:2    | Noticed Donald
 10674 | Orc:2    | Killed Donald
 10876 | Orc:2    | Noticed Nessos
 10886 | Orc:2    | Killed Nessos
 10886 | Orc:2    | Reached skill level 6 in Stealth
 10886 | Orc:2    | Reached skill level 1 in Shields
 10955 | Orc:2    | Found a roughly hewn altar of Beogh.
 11025 | Orc:2    | Found Ruxicheg's Armour Boutique.
 11025 | Orc:2    | Noticed an orc high priest
 11030 | Orc:2    | Killed an orc high priest
 11030 | Orc:2    | Reached skill level 7 in Stealth
 11030 | Orc:2    | Noticed an orc high priest
 11040 | Orc:2    | Noticed an orc high priest
 11054 | Orc:2    | Killed an orc high priest
 11060 | Orc:2    | Noticed a sun demon
 11068 | Orc:2    | Killed an orc high priest
 11072 | Orc:2    | Reached skill level 8 in Stealth
 11093 | Orc:2    | Reached XP level 13. HP: 27/68 MP: 8/20
 11115 | Orc:2    | Gained mutation: You are weak. (Str -2) [mutagenic glow]
 11154 | Orc:2    | Received a gift from Trog
 11186 | Orc:2    | Found Tini's General Store.
 11195 | Orc:2    | Found Amunuleufu's Antique Armour Shoppe.
 11197 | Orc:2    | Found Kosix's Weapon Boutique.
 11205 | Orc:2    | Bought the +6 dagger of the Throat {vamp, rPois rC+ Dex-4}
                  | for 549 gold pieces
 11219 | Orc:2    | Bought a potion of curing for 45 gold pieces
 11519 | Orc:1    | Found a roughly hewn altar of Beogh.
 11558 | Orc:1    | Found a radiant altar of Vehumet.
 11719 | D:11     | Noticed Harold
 11744 | D:11     | Killed Harold
 11904 | D:11     | Found a staircase to the Lair.
 12005 | D:11     | Found a transporter.
 12006 | D:11     | Noticed Anon1729's ghost (journeyman HaHu)
 12012 | D:11     | Found Umonae's Distillery.
 12014 | D:11     | Found a transporter.
 12109 | D:11     | Reached skill level 9 in Stealth
 12334 | D:11     | Noticed Fannar
 12342 | D:11     | Noticed Nergalle
 12353 | D:11     | Killed Fannar
 12370 | D:11     | Killed Nergalle
 12370 | D:11     | Reached skill level 5 in Shields
 12841 | D:12     | Found Pibiag's General Store.
 13454 | D:12     | Got a distressingly furry leather armour
 13823 | D:13     | Received a gift from Trog
 14177 | D:13     | Reached skill level 10 in Stealth
 14289 | D:13     | Noticed Kirke
 14315 | D:13     | Killed Kirke
 14403 | D:13     | Found a shattered altar of Ashenzari.
 14533 | D:13     | Reached XP level 14. HP: 73/73 MP: 22/22
 14976 | D:14     | Found a gate to the Vaults.
 15397 | D:14     | Noticed Agnes
 15419 | D:14     | Killed Agnes
 15478 | D:14     | Reached skill level 10 in Shields
 15861 | D:14     | Found the +3 warlock's mirror {reflect}
 15955 | D:15     | Entered Level 15 of the Dungeon
 16084 | D:15     | Received a gift from Trog
 16211 | D:15     | Found Pessiriw's Jewellery Shoppe.
 16335 | D:15     | Noticed Josephine
 16341 | D:15     | Reached XP level 15. HP: 78/78 MP: 23/23
 16345 | D:15     | Killed Josephine
 16353 | D:15     | Reached skill level 11 in Stealth
 16525 | D:15     | Found a staircase to the Depths.
 17046 | Lair:1   | Entered Level 1 of the Lair of Beasts
 17067 | Lair:1   | Found a shimmering altar of Xom.
 17101 | Lair:1   | Got a faintly humming plate armour
 18761 | Lair:3   | You fall through a shaft for 2 floors!
 18781 | Lair:5   | Found a frozen archway.
 18839 | IceCv    | Entered an ice cave
 19376 | IceCv    | Noticed a frost giant
 19400 | IceCv    | Killed a frost giant
 19406 | IceCv    | Received a gift from Trog
 19455 | IceCv    | Got a brightly glowing hat
 19466 | IceCv    | Identified the cursed -2 hat of Plasticity {*Slow Int+2
                  | Dex+3} (You found it in an ice cave)
 19918 | Lair:4   | Found a staircase to the Swamp.
 20024 | Lair:4   | Got a bloodstained ring mail
 20061 | Lair:4   | You fall through a shaft for 2 floors!
 20061 | Lair:6   | Entered Level 6 of the Lair of Beasts
 20127 | Lair:5   | Found a staircase to the Slime Pits.
 20171 | Lair:4   | Reached skill level 12 in Stealth
 20458 | Lair:3   | Found a hole to the Spider Nest.
 20554 | Lair:3   | Reached skill level 1 in Throwing
 21171 | Lair:4   | Reached XP level 16. HP: 84/84 MP: 24/24
 21196 | Lair:4   | Identified the +5 leather armour of Plasticity {rC- rCorr
                  | Str+3 Dex+4} (You found it on level 12 of the Dungeon)
 21197 | Lair:4   | Identified the cursed +1 ring mail of the Heavens {rPois
                  | rC+ MP+9 Int+2 Dex-3} (You found it on level 4 of the Lair
                  | of Beasts)
 21198 | Lair:4   | Identified the +0 plate armour "Niaw" {rF+ Regen+ Str+3
                  | Int+3} (You found it on level 1 of the Lair of Beasts)
 21675 | Lair:5   | Got a clouded graven amulet
 21812 | Lair:5   | Identified the amulet "Onac Numodo" {Spirit Int+3} (You
                  | found it on level 5 of the Lair of Beasts)
 21955 | Lair:5   | Received a gift from Trog
 22030 | Lair:5   | Identified the +3 short sword of Vine Stalker's Bane
                  | {pierce, MR+} (Trog gifted it to you on level 5 of the Lair
                  | of Beasts)
 23331 | Lair:6   | Found a runed translucent door.
 23339 | Lair:6   | Reached skill level 10 in Armour
 23624 | Lair:6   | Received a gift from Trog
 23781 | Spider:1 | Entered Level 1 of the Spider Nest
 23988 | Spider:2 | Reached skill level 10 in Evocations
 24326 | Spider:3 | Noticed Asterion
 24340 | Spider:3 | Killed Asterion
 24340 | Spider:3 | Reached skill level 15 in Shields
 24564 | Spider:3 | Reached skill level 13 in Stealth
 24579 | Spider:3 | Noticed Louise
 24614 | Spider:3 | Killed Louise
 24614 | Spider:3 | Reached XP level 17. HP: 88/88 MP: 25/25
 24994 | Spider:4 | Entered Level 4 of the Spider Nest
 25466 | Spider:4 | Reached skill level 10 in Fighting
 25529 | Spider:4 | Received a gift from Trog
 25647 | Spider:4 | Reached skill level 14 in Stealth
 25989 | Spider:4 | Got a gossamer rune of Zot
 26125 | Swamp:1  | Entered Level 1 of the Swamp
 26175 | Swamp:1  | You fall through a shaft!
 26416 | Swamp:2  | Noticed Vaxoipno's ghost (adept KoBe)
 26464 | Swamp:2  | Found a transporter.
 26468 | Swamp:2  | Found a transporter.
 26831 | Swamp:2  | Reached XP level 18. HP: 95/95 MP: 27/27
 26941 | Swamp:2  | Killed Vaxoipno's ghost
 26967 | Swamp:2  | Got a pair of dazzling gloves
 26978 | Swamp:2  | Identified the +2 pair of gloves of a treasure trove {rElec
                  | rF+++ Stlth-} (You found it on level 2 of the Swamp)
 27116 | Swamp:4  | Entered Level 4 of the Swamp
 27123 | Swamp:3  | Received a gift from Trog
 27123 | Swamp:3  | Reached skill level 15 in Stealth
 27368 | Swamp:3  | Noticed Mara
 27369 | Swamp:3  | Noticed emperorscorpion's illusion
 27369 | Swamp:3  | Upgraded the game from 0.24-a0-189-g5d897e9 to
                  | 0.24-a0-194-g9bee6eb
 27404 | Swamp:3  | Killed Mara
 28247 | Swamp:4  | Found a runed translucent door.
 28248 | Swamp:4  | Noticed Lanoc's ghost (adept VSBe)
 28270 | Swamp:4  | Killed Lanoc's ghost
 28598 | Swamp:4  | Noticed the 27-headed Lernaean hydra
 28603 | Swamp:4  | Killed the 27-headed Lernaean hydra
 28916 | Swamp:4  | Got a decaying rune of Zot
 29311 | Vaults:1 | Entered Level 1 of the Vaults
 29324 | Vaults:1 | Received a gift from Trog
 29324 | Vaults:1 | Reached skill level 16 in Stealth
 29355 | Vaults:1 | Identified the +2 dagger "Laweucw" {freeze, rPois Str+3
                  | Int+4 SInv} (Trog gifted it to you on level 1 of the
                  | Vaults)
 29461 | Vaults:1 | Reached XP level 19. HP: 102/102 MP: 28/28
 31012 | Vaults:1 | Reached skill level 17 in Stealth
 31525 | Vaults:2 | Noticed Boris
 31539 | Vaults:2 | Killed Boris
 31892 | Vaults:3 | Received a gift from Trog
 32405 | Vaults:3 | Reached skill level 18 in Stealth
 32421 | Vaults:3 | Reached XP level 20. HP: 109/109 MP: 27/29
 32608 | Vaults:3 | Found Haoc's General Store.
 32616 | Vaults:3 | Bought a potion of resistance for 190 gold pieces
 32616 | Vaults:3 | Bought 3 scrolls of magic mapping for 199 gold pieces
 32616 | Vaults:3 | Bought a scroll of identify for 38 gold pieces
 33203 | Vaults:4 | Received a gift from Trog
 33719 | Vaults:4 | Reached skill level 19 in Stealth
 33853 | Vaults:5 | Entered Level 5 of the Vaults
 33865 | Vaults:5 | Received a gift from Trog
 33901 | Vaults:5 | Upgraded the game from 0.24-a0-194-g9bee6eb to
                  | 0.24-a0-201-gf205589
 33919 | Vaults:5 | Noticed a golden dragon
 33928 | Vaults:5 | Reached XP level 21. HP: 66/116 MP: 31/31
 33938 | Vaults:5 | Killed a golden dragon
 34076 | Vaults:5 | Noticed a golden dragon
 34124 | Vaults:5 | Killed a golden dragon
 34231 | Vaults:5 | Reached skill level 15 in Fighting
 34293 | Vaults:5 | Received a gift from Trog
 34326 | Vaults:5 | Reached skill level 20 in Stealth
 34424 | Vaults:5 | Noticed a golden dragon
 34463 | Vaults:5 | Killed a golden dragon
 34604 | Vaults:5 | Identified Mead's Papyrus of Orientation and Transformation
 34732 | Vaults:5 | Received a gift from Trog
 34930 | Vaults:5 | Reached XP level 22. HP: 123/123 MP: 32/32
 35171 | Vaults:5 | Got a silver rune of Zot
 35635 | Vaults:5 | Identified the +3 chain mail of the Past {rN+} (You found
                  | it on level 5 of the Vaults)
 35770 | Vaults:5 | Found Sozoruwe's Food Shop.
 35774 | Vaults:5 | Found Allop's Magic Scroll Emporium.
 35782 | Vaults:5 | Bought a scroll of blinking for 180 gold pieces
 35782 | Vaults:5 | Bought a scroll of magic mapping for 84 gold pieces
 35782 | Vaults:5 | Bought a scroll of acquirement for 1248 gold pieces
 35805 | Vaults:5 | Found Faecisk's Distillery.
 35809 | Vaults:5 | Bought a potion of might for 60 gold pieces
 35809 | Vaults:5 | Bought a potion of haste for 150 gold pieces
 35809 | Vaults:5 | Bought a potion of haste for 150 gold pieces
 35819 | Vaults:5 | Found Ixtaperauh's Magic Scroll Boutique.
 35819 | Vaults:5 | Found Icyopp's Distillery.
 35823 | Vaults:5 | Bought a scroll of acquirement for 884 gold pieces
 35824 | Vaults:5 | Identified the +4 quick blade of the Desolation of Salt
                  | {pain, rC+ Str+4} (You acquired it on level 5 of the
                  | Vaults)
 35833 | Vaults:5 | Bought a potion of agility for 52 gold pieces
 35840 | Vaults:5 | Found Cupari's Distillery.
 35844 | Vaults:5 | Bought a potion of curing for 51 gold pieces
 35854 | Vaults:5 | Found Nusesh's Distillery.
 35854 | Vaults:5 | Found Otyreg's Distillery.
 36045 | Vaults:3 | Noticed Boris
 36069 | Vaults:3 | Killed Boris
 36225 | Depths:1 | Entered Level 1 of the Depths
 36299 | Depths:1 | Reached skill level 15 in Armour
 36547 | Depths:1 | Noticed Saint Roka
 36564 | Depths:1 | Received a gift from Trog
 36584 | Depths:1 | Killed Saint Roka
 36632 | Depths:2 | Found a gateway to Hell.
 36675 | Depths:2 | Found a gateway to a ziggurat.
 36721 | Depths:2 | Noticed a golden dragon
 36754 | Depths:2 | Noticed a caustic shrike
 36765 | Depths:2 | Killed a golden dragon
 36782 | Depths:2 | Killed a caustic shrike
 36790 | Depths:2 | Noticed a caustic shrike
 36833 | Depths:2 | Noticed a caustic shrike
 36852 | Depths:2 | Noticed a caustic shrike
 36861 | Depths:2 | Killed a caustic shrike
 36871 | Depths:2 | Killed a caustic shrike
 36906 | Depths:2 | Noticed a juggernaut
 36928 | Depths:2 | Killed a juggernaut
 37183 | Depths:2 | Noticed a caustic shrike
 37197 | Depths:2 | Killed a caustic shrike
 37326 | Depths:2 | Killed a caustic shrike
 37394 | Depths:2 | Reached XP level 23. HP: 133/133 MP: 32/34
 37438 | Depths:2 | Found Kusumal's Gadget Emporium.
 37438 | Depths:2 | Found Roriarong's Jewellery Boutique.
 37439 | Depths:2 | Found Fucu's Gadget Emporium.
 37462 | Depths:2 | Bought a wand of clouds (5) for 459 gold pieces
 37548 | Depths:3 | Noticed Boris
 37566 | Depths:3 | Killed Boris
 37566 | Depths:3 | Reached skill level 21 in Stealth
 37668 | Depths:4 | Received a gift from Trog
 37763 | Depths:3 | Found a one-way gate to the infinite horrors of the Abyss.
 37841 | Depths:4 | Noticed a golden dragon
 37896 | Depths:4 | Killed a golden dragon
 38048 | Depths:4 | Paralysed by a floating eye for 4 turns
 38053 | Depths:4 | Paralysed by a floating eye for 2 turns
 38236 | Depths:4 | Found a gateway to Hell.
 38253 | Depths:5 | Entered Level 5 of the Depths
 38367 | Depths:5 | Noticed a golden dragon
 38403 | Depths:5 | Killed a golden dragon
 38490 | Depths:5 | Received a gift from Trog
 38518 | Depths:5 | Found a gate to the Realm of Zot.
 38524 | Zot:1    | Entered Level 1 of the Realm of Zot
 38524 | Zot:1    | Found a runed translucent gate.
 38524 | Zot:1    | Found a runed translucent gate.
 38524 | Zot:1    | Found a runed translucent gate.
 38524 | Zot:1    | Noticed Ipsuc's ghost (master SpCK)
 38524 | Zot:1    | Noticed Roron's ghost (legendary TrGl)
 38529 | Zot:1    | Noticed Vanaq's ghost (master VSFi)
 38673 | Zot:2    | Noticed a golden dragon
 38703 | Zot:2    | Killed a golden dragon
 38703 | Zot:2    | Noticed a golden dragon
 38707 | Zot:2    | Killed a golden dragon
 38724 | Zot:2    | HP: 6/135 [death cob (12)]
 38724 | Zot:2    | Slain by a death cob

Levels and vault maps discovered:
D:1:      dpeg_arrival_rhombi, layout_basic
D:2:      layout_loops_cross, lemuel_crystal_altar, minmay_misc_feat_doors,
          grunt_decor_one_mirror, uniq_crazy_yiuf_cottage
D:3:      layout_loops_corners, first_ration
D:4:      layout_loops_ring, chequers_ossuary_entry_cave, uniq_natasha
D:5:      layout_cave_pods, grunt_temple_overflow_open,
          minmay_temple_entry_grid, guppyfry_early_lair_pool, uniq_sigmund
D:6:      layout_basic, dancing_weapons_uskayaw, kennysheep_mini,
          tso_oasis_becter, serial_bayou, serial_bayou_pond_c,
          serial_bayou_ford_a, serial_bayou_pond_d, serial_bayou_lake_a,
          minmay_misc_feat_columns, uniq_edmund
D:7:      layout_basic, ebering_ghost_disaster_area, kennysheep_generic_room_15,
          uniq_duvessa, uniq_pikel
D:8:      layout_loops_ring, lemuel_doored_altar, biasface_ghost_orc_armoury,
          basic_altar, uniq_joseph
D:9:      layout_loops_ring, grunt_livestock
D:10:     layout_basic, hiddenorc2_lemuel, uniq_urug, uniq_maurice,
          uniq_erolcha, uniq_sonja
D:11:     layout_stronghold, minmay_lair_entry_grove,
          gammafunk_ghost_stat_death, serial_shops, shop, uniq_harold,
          uniq_fannar, uniq_nergalle
D:12:     layout_basic, serial_shops, shop
D:13:     layout_stronghold, nicolae_ashenzari_panopticon, uniq_kirke
D:14:     minmay_smoke_and_mirrors, layout_irregular_city, erik_vaults_2,
          serial_glass, glass_columns_a, glass_columns_b,
          hangedman_decor_peaks_small, kennysheep_generic_room_6, uniq_agnes
D:15:     gammafunk_enter_depths_forms, layout_basic, serial_shops,
          nicolae_shop_stone, small_statue_alley_a, uniq_josephine
Lair:1:   layout_cave_pods, basic_altar
Lair:2:   layout_cave_pods
Lair:3:   layout_loops_ring, spider_nest_entry_webs
Lair:4:   layout_regular_city, swamp_mist
Lair:5:   layout_hall_layers, minmay_slime_entry_eyes,
          portal_ice_cave_entry_ice_beasts, grunt_megastairs_3
Lair:6:   wormcave, layout_gridlike
Swamp:1:  layout_basic_swamp, evilmike_swamp_ruin_house_1, swamp_pool4
Swamp:2:  layout_falls_marsh, gammafunk_ghost_arena, hangedman_swamp_ruin_wall
Swamp:3:  nicolae_swamp_phyte_club, layout_basic_swamp, hangedman_swamp_cone,
          uniq_mara
Swamp:4:  swamp_old_school, layout_basic_swamp, ebering_ghost_reflecting_pool,
          swamp_pool4, roderic_carrion_pond
Spider:1: layout_spider_delve, uniq_nikola
Spider:2: layout_spider_delve
Spider:3: layout_spider_delve, uniq_louise, uniq_asterion
Spider:4: guppyfry_spider_rune
Orc:1:    layout_diamond_mine, basic_altar, nicolae_orc_lost_temple, uniq_erica
Orc:2:    st_orc_elflike, layout_caves, serial_shops, shop, basic_altar,
          uniq_nessos, uniq_donald
Vaults:1: v_rooms_2, v_misc_16, v_alt_pattern_4, v_rooms_5,
          hangedman_vaults_corner_blocks, nicolae_vaults_little_squares_3,
          nicolae_vaults_little_squares_3, v_alt_pattern_2,
          nicolae_vaults_little_ls, vaults_room_corners, v_misc_3,
          sword_in_stone, layout_vaults_chaotic_city
Vaults:2: v_misc_2, ontoclasm_vaults_shuriken, minmay_crypt_entry_simple_box,
          hangedman_vaults_nodes, nicolae_vaults_circle_grid_b,
          ontoclasm_vaults_ligature, v_misc_19, nicolae_vaults_big_angled_halls,
          nicolae_vaults_mini_display_case,
          nicolae_vaults_windows_and_doors_thing, v_misc_12,
          hangedman_vaults_stretched_pinwheel, vaults_room_pool,
          ontoclasm_vaults_spin, nicolae_vaults_angled_halls,
          nicolae_vaults_specimen_jars, ontoclasm_vaults_twist,
          layout_vaults_omnibox, serial_shops, shop_fountains, uniq_boris
Vaults:3: ontoclasm_vaults_decontamination, nicolae_vaults_an_arrangement,
          v_alt_pattern_2, v_misc_26, nicolae_vaults_puzzle_piece,
          grunt_vaults_twisty, vaults_dpeg_encased_lava, ontoclasm_vaults_chip,
          nicolae_vaults_gold_heap, layout_vaults_omnigrid, serial_shops, shop
Vaults:4: nicolae_vaults_little_squares_2, hangedman_vaults_trim,
          nicolae_vaults_network_square, v_alt_pattern_4, hangedman_vaults_maws,
          v_misc_28, vaults_room_semicircle, v_misc_15, vaults_dpeg_ring,
          layout_vaults_omnicross
Vaults:5
Depths:1: layout_cave_shapes, pf_hell_entry_tar_spiral,
          nicolae_twisting_strands, grunt_decor_arrowhead, minivault_16,
          chequers_serial_rivers_micro_c, hangedman_corner_corridor,
          uniq_enchantress, uniq_saint_roka
Depths:2: minmay_four_inscribed_fans, layout_basic, enter_ziggurat_d,
          chequers_decorated_corner, hell_entry, nrook_mini_vaults,
          minmay_shop_grove
Depths:3: evilmike_lava_path, layout_gridville, abyss_entry_crystal, hell_entry,
          dk_noncrumbling_2, pan_entry, serial_bayou_pond_c
Depths:4: cheibrodos_birdhouse, layout_cave_shapes, abyss_entry, hell_entry,
          nrook_uturn, minmay_shop_star, infiniplex_staircase_pillars_3b
Depths:5: evilmike_zot_entry_hall, layout_basic, hangedman_coc_ice_floe,
          serial_bayou_shore_a
Zot:1:    layout_twisted_circle, gammafunk_ghost_cemetery,
          lemuel_baited_zot_trap, hangedman_zot_wheel_spokes, st_stairs_7,
          zot_minivault_1
Zot:2:    layout_cathedral_of_symmetry, st_stairs_11
Ossuary:  ossuary_minmay_scorpions
IceCv:    ice_cave_small_giant

Skill      XL: |  1  2  3  4  5  6  7  8  9 10 11 12 13 14 15 16 17 18 19 20 21 22 23 |
---------------+----------------------------------------------------------------------+-----
Fighting       | 3 4 5 6 7 8 9 10 12 13 14 15 17 19 | 19.1
Short Blades   | 3 4 5 6 7 9 10 | 10.0
Armour         | 2 3 4 5 6 7 8 9 10 11 12 13 14 15 | 15.8
Dodging        | 2 3 4 5 6 7 8 9 |  9.3
Evocations     | 1 2 3 5 6 7 8 9 10 11 12 13 14 | 14.0
Stealth        | 4 8 10 12 13 14 16 18 19 20 21 | 21.6
Shields        | 3 7 10 13 15 | 15.0
Throwing       | 1 |  1.7

Action                   |  1- 3 |  4- 6 |  7- 9 | 10-12 | 13-15 | 16-18 | 19-21 | 22-24 || total
-------------------------+-------+-------+-------+-------+-------+-------+-------+-------++-------
Melee: Short sword       |    41 |       |       |       |       |       |       |       ||    41
       Bite              |    24 |    70 |   179 |   272 |   875 |  1213 |  1120 |   706 ||  4459
       Dagger            |    47 |   209 |   408 |   667 |  2111 |  2742 |  2360 |  1367 ||  9911
Throw: Tomahawk          |       |       |       |     1 |    12 |     6 |     2 |       ||    21
Invok: Berserk           |     3 |     2 |    12 |    14 |     8 |    21 |    12 |    18 ||    90
       Trog's Hand       |       |       |       |     2 |     2 |     2 |     6 |     7 ||    19
       Brothers in Arms  |       |       |       |       |     5 |     5 |    11 |     4 ||    25
 Abil: Evoke Invisibilit |       |       |     1 |    11 |    14 |    12 |    11 |     8 ||    57
Evoke: Wand              |       |       |       |    14 |     8 |    37 |    18 |    16 ||    93
       Lamp of fire      |       |       |       |       |       |     1 |     4 |     1 ||     6
       Lightning rod     |       |       |       |       |       |     3 |     4 |     7 ||    14
       Phial of floods   |       |       |       |       |       |       |     1 |       ||     1
  Use: Scroll            |       |    10 |    11 |    10 |     7 |    20 |     6 |    15 ||    79
       Potion            |       |     1 |     1 |     4 |       |       |     4 |     2 ||    12
 Stab: Invisible         |       |     1 |     8 |    32 |    55 |    67 |    45 |    35 ||   243
       Sleeping          |       |       |       |     1 |       |       |     2 |     1 ||     4
       Distracted        |       |       |       |       |     2 |       |     5 |     2 ||     9
       Paralysed         |       |       |       |       |       |     3 |       |       ||     3
       Confused          |       |       |       |       |       |     1 |       |       ||     1
  Eat: Ration            |     2 |       |       |       |     2 |     2 |     1 |     3 ||    10
       Chunk             |       |    10 |    21 |    32 |    49 |    53 |    37 |    27 ||   229
Armor: Animal skin       |     1 |       |       |       |       |       |       |       ||     1
       Ring mail         |    31 |    79 |   123 |    89 |       |       |       |       ||   322
       Plate armour      |       |       |       |    19 |   608 |   861 |   504 |   365 ||  2357
       Skin              |       |       |       |     1 |     1 |       |       |       ||     2
Dodge: Dodged            |    48 |   101 |   218 |   268 |   466 |  1089 |   659 |   460 ||  3309
Block: Shield            |       |       |       |    24 |   977 |  1999 |  1245 |   828 ||  5073

Table legend:
 A = Non-vault XP
 B = Vault XP
 C = Vault XP percentage of total XP
 D = Non-vault monster count
 E = Vault monster count
 F = Vault count percentage of total count
                 A         B        C        D         E       F
            +---------+---------+-------+---------+---------+-------
      Total |  398555 |  398691 |  50.0 |    1027 |     552 |  35.0
            +---------+---------+-------+---------+---------+-------
        D:1 |      26 |       0 |   0.0 |      15 |       0 |   0.0
        D:2 |     118 |      39 |  24.8 |      30 |       1 |   3.2
        D:3 |      25 |       0 |   0.0 |      14 |       0 |   0.0
        D:4 |     156 |      39 |  20.0 |      17 |       1 |   5.6
        D:5 |     414 |     424 |  50.6 |      16 |       5 |  23.8
        D:6 |     850 |       0 |   0.0 |      20 |       0 |   0.0
        D:7 |    1112 |    1909 |  63.2 |      34 |       5 |  12.8
        D:8 |    2037 |    1700 |  45.5 |      39 |      11 |  22.0
        D:9 |    1491 |     993 |  40.0 |      25 |       5 |  16.7
       D:10 |    1794 |    3447 |  65.8 |      16 |      36 |  69.2
       D:11 |    4868 |    4478 |  47.9 |      22 |      15 |  40.5
       D:12 |    3272 |       0 |   0.0 |      37 |       0 |   0.0
       D:13 |    7134 |    2117 |  22.9 |      32 |       1 |   3.0
       D:14 |    5670 |   16118 |  74.0 |      17 |      19 |  52.8
       D:15 |   14680 |    5893 |  28.6 |      45 |      14 |  23.7
     Lair:1 |    3170 |       0 |   0.0 |      10 |       0 |   0.0
     Lair:2 |    3947 |       0 |   0.0 |      11 |       0 |   0.0
     Lair:3 |    1897 |     872 |  31.5 |       8 |       4 |  33.3
     Lair:4 |   10382 |       0 |   0.0 |      36 |       0 |   0.0
     Lair:5 |    8157 |    1340 |  14.1 |      30 |      10 |  25.0
     Lair:6 |   13499 |    6997 |  34.1 |      33 |      17 |  34.0
    Swamp:1 |    4584 |       0 |   0.0 |      18 |       0 |   0.0
    Swamp:2 |   15113 |    5134 |  25.4 |      34 |       7 |  17.1
    Swamp:3 |   13721 |   15786 |  53.5 |      25 |       7 |  21.9
    Swamp:4 |    8342 |   20357 |  70.9 |      22 |      25 |  53.2
   Spider:1 |    1432 |       0 |   0.0 |       6 |       0 |   0.0
   Spider:2 |    6570 |       0 |   0.0 |      23 |       0 |   0.0
   Spider:3 |   20219 |    4113 |  16.9 |      45 |       2 |   4.3
   Spider:4 |   13165 |   26399 |  66.7 |      35 |      45 |  56.2
      Orc:1 |    2309 |     934 |  28.8 |      23 |       1 |   4.2
      Orc:2 |     701 |   11398 |  94.2 |       6 |      26 |  81.2
   Vaults:1 |   21794 |   24686 |  53.1 |      44 |      33 |  42.9
   Vaults:2 |   15301 |    9868 |  39.2 |      25 |      12 |  32.4
   Vaults:3 |   21297 |   12336 |  36.7 |      19 |      22 |  53.7
   Vaults:4 |   33023 |    8299 |  20.1 |      44 |      16 |  26.7
   Vaults:5 |   37243 |  130134 |  77.7 |      66 |      95 |  59.0
   Depths:1 |   12169 |    7030 |  36.6 |      15 |      16 |  51.6
   Depths:2 |   30147 |   36601 |  54.8 |      17 |      20 |  54.1
   Depths:3 |    7600 |       0 |   0.0 |       8 |       0 |   0.0
   Depths:4 |   35604 |    4165 |  10.5 |      38 |       4 |   9.5
   Depths:5 |    1708 |   19421 |  91.9 |       1 |      11 |  91.7
      Zot:1 |    2025 |    5062 |  71.4 |       1 |       2 |  66.7
      Zot:2 |    9789 |       0 |   0.0 |       5 |       0 |   0.0
    Ossuary |       0 |     932 | 100.0 |       0 |      28 | 100.0
      IceCv |       0 |    9670 | 100.0 |       0 |      36 | 100.0
            +---------+---------+-------+---------+---------+-------
